 Dungeon Crawl Stone Soup version 0.29.0-4-gdea44cf6ec (webtiles) character file.

Game seed: 6414835146597845920

490 qw the Ruffian (level 7, 0/57 HPs)
             Began as a Ghoul Fire Elementalist on Aug 29, 2022.
             Slain by a phantom (1 damage)
             ... on level 5 of the Dungeon.
             The game lasted 00:04:17 (5383 turns).

qw the Ruffian (Ghoul Fire Elementalist)            Turns: 5383, Time: 00:04:18

Health: 0/57       AC: 13    Str: 14    XL:     7   Next: 14%
Magic:  8/8        EV:  4    Int: 10    God:
Gold:   196        SH:  0    Dex:  9    Spells: 8/9 levels left

rFire   . . .      SeeInvis +     - Unarmed
rCold   + . .      Faith    .   (no shield)
rNeg    + + +      Spirit   .   f - +0 plate armour
rPois   inf        Reflect  .   n - +0 helmet
rElec   .          Harm     .   (no cloak)
rCorr   .          Rampage  .   g - +0 pair of gloves
Will    .....                   (no boots)
Stlth   ..........              (no amulet)
HPRegen 0.00/turn               b - ring of see invisible
MPRegen 0.11/turn               (no ring)

@: inhibited regen
A: claws 1, cold resistance 1, negative energy resistance 3, inhibited
regeneration, torment resistance 2, devour on kill
a: no special abilities


You were on level 5 of the Dungeon.
You visited 1 branch of the dungeon, and saw 5 of its levels.

You collected 196 gold pieces.


Innate Abilities, Weirdness & Mutations

You are immune to poison.
You have sharp fingernails.
Your flesh is cold resistant. (rC+)
You are immune to negative energy. (rN+++)
You do not regenerate when monsters are visible.
You are immune to unholy pain and torment.
You thrive by killing the living.


   Skills:
 - Level 3.2 Fighting
 - Level 2.4 Armour
 - Level 1.7 Dodging
 - Level 2.1 Stealth
 + Level 6.1 Unarmed Combat
 - Level 1.7 Spellcasting
 - Level 0.7 Conjurations
 - Level 2.4 Fire Magic


You had 8 spell levels left.
You knew the following spells:

 Your Spells              Type           Power      Damage    Failure   Level
a - Foxfire               Conj/Fire      16%        2x1d4     100%        1

Your spell library contained the following spells:

 Spells                   Type           Power      Damage    Failure   Level
 Scorch                   Fire           10%        2d5       100%        2
 Conjure Flame            Conj/Fire      4%         6-21      100%        3
 Inner Flame              Hex/Fire       3%         N/A       100%        3
 Flame Wave               Conj/Fire      4%         2d5       100%        4

Inventory:

Armour
 f - a +0 plate armour (worn)
 g - a +0 pair of gloves (worn)
 n - a +0 helmet (worn)
Jewellery
 b - a ring of see invisible (left hand)
 l - a ring of see invisible
Scrolls
 a - a scroll of identify
Potions
 c - a potion of cancellation
 d - a potion of flight {unknown}
 e - a potion of mutation
 h - 2 potions of curing
 i - a potion of experience {unknown}
 j - a potion of invisibility {unknown}
 k - a potion of berserk rage {unknown}
 m - a potion of heal wounds {unknown}
 o - a potion of resistance {unknown}

Dungeon Overview and Level Annotations

Branches:
Dungeon (5/15)
 Temple: D:4-7

Altars:
Ashenzari

Annotations:
D:5 1 runed translucent door, Crazy Yiuf, Edmund


Message History

Edmund hits you with a +0 dire flail of protection.
The phantom attacks as you move away! The phantom barely misses you.
5370 ||| Stepping ~*~*~tactically~*~*~ (outnumbered).
The phantom attacks as you move away! The phantom barely misses you.
5371 ||| Stepping ~*~*~tactically~*~*~ (outnumbered).
The ogre barely misses you.
5372 ||| Stepping ~*~*~tactically~*~*~ (outnumbered).
The phantom attacks as you move away! The phantom hits you.
5373 ||| Stepping ~*~*~tactically~*~*~ (outnumbered).
Edmund attacks as you move away! Edmund hits you but does no damage.
5374 ||| Stepping ~*~*~tactically~*~*~ (outnumbered).
You closely miss Edmund.
Edmund hits you with a +0 dire flail of protection!
The phantom barely misses you.
You hit Edmund.
Edmund is lightly wounded.
Edmund hits you with a +0 dire flail of protection.
The phantom completely misses you.
You barely miss Edmund. Your punch misses Edmund.
Edmund is lightly wounded.
The phantom hits you.
Edmund hits you with a +0 dire flail of protection.
You hit Edmund but do no damage.
Edmund is lightly wounded.
The phantom hits you. Edmund hits you but does no damage.
You hit Edmund but do no damage.
Edmund is lightly wounded.
The phantom hits you but does no damage.
Edmund hits you with a +0 dire flail of protection.
You barely miss Edmund.
Edmund is lightly wounded.
You hit Edmund but do no damage.
Edmund is lightly wounded.
Edmund barely misses you. The phantom hits you.
The phantom blinks!
You blink.
You barely miss the phantom.
The phantom hits you but does no damage.
Edmund says, "A flail is better than a scythe, any day of the week!"
You hit the phantom but do no damage. The phantom hits you.
You die...

.....g...............
###
..............#.####.
#)..#77
.#.##.##..#.....#
#...+.7
.#.............##
#...#7.
......###.....########
### 77
.#...................
..........####....###
..........#
#....########
.........##
#$.@W..O@...#
#####'####
#.........ยค.# ......#
###.........# ......#
#.........# ......#
#.........# ......#
########...... ......#
#####.. ......# .#
#####... .


You could see Edmund, an ogre and a phantom.

Vanquished Creatures
  A black bear (D:5)
  A jelly (D:4)
  2 orc priests (D:4)
  An orc wizard (D:5)
  An iguana (D:5)
  5 gnolls
  9 adders
  A white imp (D:4)
  2 ufetubi
  3 dart slugs
  11 orcs
  7 ball pythons
  7 endoplasms
  3 giant cockroaches
  6 goblins
  11 hobgoblins
  6 jackals (D:4)
  9 kobolds
  6 quokkas
  5 bats
  5 frilled lizards
  7 rats
  A spectral hobgoblin (D:1)
110 creatures vanquished.

Notes
Turn   | Place    | Note
-------+----------+-------------------------------------------
     0 | D:1      | qw the Ghoul Fire Elementalist began the quest for the Orb.
     0 | D:1      | Reached XP level 1. HP: 14/14 MP: 2/2
     0 | D:1      | 0 ||| qw: Version: 0.1-a-90-g952f4b7
     0 | D:1      | 0 ||| qw: Game counter: 4121
     0 | D:1      | 0 ||| qw: Always use a shield: true
     0 | D:1      | 0 ||| qw: God list: Okawaru
     0 | D:1      | 0 ||| qw: Allow faded altars: false
     0 | D:1      | 0 ||| qw: Do Orc after D:15 true
     0 | D:1      | 0 ||| qw: Do second Lair branch before Depths: true
     0 | D:1      | 0 ||| qw: Lair rune preference: random
     0 | D:1      | 0 ||| qw: Plans: Normal
     0 | D:1      | 0 ||| PLANNING D:1-11
   282 | D:1      | 282 ||| Stepping ~*~*~tactically~*~*~ (outnumbered).
   283 | D:1      | 283 ||| Stepping ~*~*~tactically~*~*~ (outnumbered).
   284 | D:1      | 284 ||| Stepping ~*~*~tactically~*~*~ (outnumbered).
   293 | D:1      | Reached skill level 1 in Unarmed Combat
   380 | D:1      | Reached skill level 1 in Fighting
   380 | D:1      | Reached XP level 2. HP: 23/23 MP: 3/3
   414 | D:1      | 414 ||| Stepping ~*~*~tactically~*~*~ (hiding).
   606 | D:1      | Reached skill level 2 in Unarmed Combat
   909 | D:1      | Found a faded altar of an unknown god.
   910 | D:1      | 910 ||| Stepping ~*~*~tactically~*~*~ (stealth).
   914 | D:1      | 914 ||| Stepping ~*~*~tactically~*~*~ (hiding).
  1020 | D:1      | 1020 ||| Stepping ~*~*~tactically~*~*~ (hiding).
  1030 | D:1      | Reached XP level 3. HP: 24/28 MP: 4/4
  1231 | D:1      | 1231 ||| Stepping ~*~*~tactically~*~*~ (stealth).
  1235 | D:1      | 1235 ||| Stepping ~*~*~tactically~*~*~ (stealth).
  1496 | D:1      | 1496 ||| UPGRADING to +0 leather armour.
  1506 | D:1      | 1506 ||| DROPPING +0 robe.
  1507 | D:1      | 1507 ||| UPGRADING to +0 plate armour.
  1517 | D:1      | 1517 ||| DROPPING +0 leather armour.
  1518 | D:1      | 1518 ||| READING scroll labelled BOHYSYE LUEFUU.
  1519 | D:1      | 1519 ||| READING scroll labelled GENUHE BEEZ.
  1523 | D:1      | 1523 ||| READING scroll labelled KERUTROGHING.
  1524 | D:1      | 1524 ||| DROPPING potion of magic.
  1570 | D:2      | Identified the +7 sling of Slow Death {venom, rN+}
  1582 | D:2      | 1582 ||| Stepping ~*~*~tactically~*~*~ (stealth).
  1788 | D:2      | Reached skill level 3 in Unarmed Combat
  2251 | D:2      | Reached skill level 1 in Armour
  2251 | D:2      | Reached XP level 4. HP: 35/35 MP: 5/5
  2783 | D:2      | 2783 ||| UPGRADING to ring of see invisible.
  2784 | D:2      | 2784 ||| DRINKING 2 viscous blue potions.
  2785 | D:2      | 2785 ||| DRINKING 2 clear potions.
  2786 | D:2      | 2786 ||| READING 2 scrolls of identify.
  2786 | D:2      | 2786 ||| IDENTIFYING lumpy grey potion
  2787 | D:2      | 2787 ||| DROPPING potion of attraction.
  2854 | D:3      | 2854 ||| Stepping ~*~*~tactically~*~*~ (hiding).
  2855 | D:3      | 2855 ||| Stepping ~*~*~tactically~*~*~ (hiding).
  2858 | D:3      | 2858 ||| Stepping ~*~*~tactically~*~*~ (outnumbered).
  2861 | D:3      | 2861 ||| Stepping ~*~*~tactically~*~*~ (outnumbered).
  2863 | D:3      | 2863 ||| Stepping ~*~*~tactically~*~*~ (outnumbered).
  2864 | D:3      | 2864 ||| Stepping ~*~*~tactically~*~*~ (stealth).
  2866 | D:3      | 2866 ||| Stepping ~*~*~tactically~*~*~ (hiding).
  2880 | D:3      | 2880 ||| Stepping ~*~*~tactically~*~*~ (outnumbered).
  2881 | D:3      | 2881 ||| Stepping ~*~*~tactically~*~*~ (outnumbered).
  2894 | D:3      | 2894 ||| Stepping ~*~*~tactically~*~*~ (stealth).
  2899 | D:3      | 2899 ||| Stepping ~*~*~tactically~*~*~ (hiding).
  2903 | D:3      | Reached skill level 4 in Unarmed Combat
  2911 | D:3      | 2911 ||| Stepping ~*~*~tactically~*~*~ (outnumbered).
  2913 | D:3      | HP: 7/35 [gnoll/+0 halberd (2)]
  2915 | D:3      | Reached XP level 5. HP: 9/40 MP: 6/6
  3043 | D:3      | 3043 ||| FLEEEEING.
  3044 | D:3      | 3044 ||| FLEEEEING.
  3046 | D:3      | 3046 ||| FLEEEEING.
  3047 | D:3      | 3047 ||| STAIRDANCE
  3156 | D:3      | Found a broken altar of Ashenzari.
  3159 | D:3      | 3159 ||| Stepping ~*~*~tactically~*~*~ (stealth).
  3161 | D:3      | 3161 ||| Stepping ~*~*~tactically~*~*~ (stealth).
  3187 | D:3      | 3187 ||| Stepping ~*~*~tactically~*~*~ (stealth).
  3188 | D:3      | 3188 ||| Stepping ~*~*~tactically~*~*~ (stealth).
  3189 | D:3      | 3189 ||| Stepping ~*~*~tactically~*~*~ (stealth).
  3190 | D:3      | 3190 ||| Stepping ~*~*~tactically~*~*~ (stealth).
  3191 | D:3      | 3191 ||| Stepping ~*~*~tactically~*~*~ (stealth).
  3336 | D:3      | 3336 ||| Stepping ~*~*~tactically~*~*~ (stealth).
  3411 | D:3      | 3411 ||| Stepping ~*~*~tactically~*~*~ (stealth).
  3412 | D:3      | 3412 ||| Stepping ~*~*~tactically~*~*~ (stealth).
  3815 | D:3      | 3815 ||| UPGRADING to +0 pair of gloves.
  3820 | D:3      | 3820 ||| READING scroll labelled KUEFON NEEDI.
  3821 | D:3      | 3821 ||| READING 3 scrolls of identify.
  3821 | D:3      | 3821 ||| IDENTIFYING fizzy inky potion
  3822 | D:3      | 3822 ||| READING 2 scrolls of identify.
  3822 | D:3      | 3822 ||| IDENTIFYING grey potion
  3823 | D:3      | 3823 ||| DROPPING potion of degeneration.
  3911 | D:4      | Reached skill level 5 in Unarmed Combat
  3932 | D:4      | 3932 ||| Stepping ~*~*~tactically~*~*~ (stealth).
  3938 | D:4      | 3938 ||| Stepping ~*~*~tactically~*~*~ (stealth).
  3990 | D:4      | 3990 ||| Stepping ~*~*~tactically~*~*~ (hiding).
  4061 | D:4      | 4061 ||| Stepping ~*~*~tactically~*~*~ (outnumbered).
  4062 | D:4      | 4062 ||| Stepping ~*~*~tactically~*~*~ (outnumbered).
  4063 | D:4      | 4063 ||| Stepping ~*~*~tactically~*~*~ (outnumbered).
  4064 | D:4      | 4064 ||| Stepping ~*~*~tactically~*~*~ (outnumbered).
  4066 | D:4      | 4066 ||| Stepping ~*~*~tactically~*~*~ (outnumbered).
  4082 | D:4      | Reached XP level 6. HP: 29/48 MP: 7/7
  4248 | D:4      | 4248 ||| Stepping ~*~*~tactically~*~*~ (stealth).
  4790 | D:4      | Reached skill level 6 in Unarmed Combat
  4797 | D:4      | 4797 ||| UPGRADING to +0 helmet.
  4802 | D:4      | 4802 ||| READING 2 scrolls labelled UGOHACYCER.
  4803 | D:4      | 4803 ||| DROPPING scroll of fog.
  4814 | D:5      | Entered Level 5 of the Dungeon
  4824 | D:5      | 4824 ||| STAIRDANCE
  4969 | D:5      | Found a runed translucent door.
  4970 | D:5      | Noticed Crazy Yiuf
  5114 | D:5      | 5114 ||| Stepping ~*~*~tactically~*~*~ (outnumbered).
  5115 | D:5      | 5115 ||| Stepping ~*~*~tactically~*~*~ (outnumbered).
  5116 | D:5      | 5116 ||| Stepping ~*~*~tactically~*~*~ (outnumbered).
  5117 | D:5      | 5117 ||| Stepping ~*~*~tactically~*~*~ (outnumbered).
  5118 | D:5      | 5118 ||| Stepping ~*~*~tactically~*~*~ (outnumbered).
  5119 | D:5      | 5119 ||| Stepping ~*~*~tactically~*~*~ (outnumbered).
  5120 | D:5      | 5120 ||| Stepping ~*~*~tactically~*~*~ (outnumbered).
  5121 | D:5      | 5121 ||| Stepping ~*~*~tactically~*~*~ (outnumbered).
  5122 | D:5      | 5122 ||| Stepping ~*~*~tactically~*~*~ (outnumbered).
  5155 | D:5      | 5155 ||| DRINKING 3 potions of curing.
  5155 | D:5      | 5155 ||| (to cure confusion)
  5160 | D:5      | Reached skill level 3 in Fighting
  5330 | D:5      | Noticed a black bear
  5331 | D:5      | 5331 ||| Stepping ~*~*~tactically~*~*~ (stealth).
  5341 | D:5      | Killed a black bear
  5342 | D:5      | Reached XP level 7. HP: 57/57 MP: 8/8
  5361 | D:5      | Noticed Edmund
  5366 | D:5      | 5366 ||| Stepping ~*~*~tactically~*~*~ (outnumbered).
  5367 | D:5      | 5367 ||| Stepping ~*~*~tactically~*~*~ (outnumbered).
  5368 | D:5      | 5368 ||| Stepping ~*~*~tactically~*~*~ (outnumbered).
  5369 | D:5      | 5369 ||| Stepping ~*~*~tactically~*~*~ (outnumbered).
  5370 | D:5      | 5370 ||| Stepping ~*~*~tactically~*~*~ (outnumbered).
  5371 | D:5      | 5371 ||| Stepping ~*~*~tactically~*~*~ (outnumbered).
  5372 | D:5      | 5372 ||| Stepping ~*~*~tactically~*~*~ (outnumbered).
  5373 | D:5      | 5373 ||| Stepping ~*~*~tactically~*~*~ (outnumbered).
  5374 | D:5      | 5374 ||| Stepping ~*~*~tactically~*~*~ (outnumbered).
  5377 | D:5      | HP: 10/57 [phantom (5)]
  5379 | D:5      | HP: 4/57 [Edmund/+0 dire flail of protection (3)]
  5381 | D:5      | HP: 1/57 [phantom (3)]
  5383 | D:5      | Slain by a phantom

Levels and vault maps discovered:
D:1:      lordsloth_arrival_two_stooges, layout_basic,
          dreamdust_ecumenical_altar_drowned_temple, minmay_misc_feat_roman
D:2:      layout_loops_corners
D:3:      minmay_inner_zag, layout_basic, overflow_temple_1_default,
          minmay_fractal_squares_diagonal_5
D:4:      layout_loops_ring, kennysheep_generic_room_12
D:5:      layout_basic, chequers_temple_overflow_statue_of_worship,
          nicolae_overflow_hidden_temple, uniq_crazy_yiuf_cottage,
          uniq_blork_the_orc, uniq_edmund

Skill      XL: |  1  2  3  4  5  6 |
---------------+-------------------+-----
Unarmed Combat | 1 2 3 4 5 6 |  6.1
Fighting       | 1 2 3 |  3.2
Armour         | 1 2 |  2.4
Dodging        | |  1.7
Stealth        | |  2.1
Spellcasting   | |  1.7
Conjurations   | |  0.7
Fire Magic     | |  2.4

Action                   |  1- 3 |  4- 6 |  7- 9 || total
-------------------------+-------+-------+-------++-------
Melee: Unarmed           |   156 |   293 |    11 ||   460
       Punch             |     3 |     9 |       ||    12
  Use: Scroll            |     3 |     5 |       ||     8
       Potion            |       |     3 |       ||     3
Armor: Robe              |    15 |       |       ||    15
       Plate armour      |    31 |   173 |     5 ||   209
Dodge: Dodged            |    61 |    54 |     6 ||   121

Table legend:
 A = Non-vault XP
 B = Vault XP
 C = Vault XP percentage of total XP
 D = Non-vault monster count
 E = Vault monster count
 F = Vault count percentage of total count
                 A         B        C        D         E       F
            +---------+---------+-------+---------+---------+-------
      Total |     679 |      21 |   3.0 |      97 |      13 |  11.8
            +---------+---------+-------+---------+---------+-------
        D:1 |      43 |       1 |   2.3 |      22 |       1 |   4.3
        D:2 |      66 |       0 |   0.0 |      20 |       0 |   0.0
        D:3 |     124 |      17 |  12.1 |      23 |      11 |  32.4
        D:4 |     204 |       3 |   1.4 |      22 |       1 |   4.3
        D:5 |     242 |       0 |   0.0 |      10 |       0 |   0.0
            +---------+---------+-------+---------+---------+-------
